 Dungeon Crawl Stone Soup version 0.19.1 (webtiles) character file.

5625 Jerry the Carver (level 10, -17/88 HPs)
             Began as a Minotaur Gladiator on Dec 27, 2016.
             Was a Priest of Dithmenos.
             Demolished by Urug
             ... wielding a +7 demon trident of electrocution
              (18 damage)
             ... on level 10 of the Dungeon.
             The game lasted 00:29:00 (8083 turns).

Jerry the Carver (Minotaur Gladiator)               Turns: 8083, Time: 00:29:01

Health: -17/88     AC:  8    Str: 20    XL:     10   Next: 46%
Magic:  18/18      EV: 18    Int:  7    God:    Dithmenos [***...]
Gold:   79         SH:  0    Dex: 14    Spells: 2 memorised, 3 levels left

rFire  . . .     SeeInvis .     a - +0 long sword
rCold  . . .     Gourm    .     G - +0 troll leather armour
rNeg   . . .     Faith    .     (no shield)
rPois  .         Spirit   .     c - +1 hat
rElec  .         Reflect  .     (no cloak)
rCorr  .         Harm     .     (no gloves)
MR     .....     Rnd*Rage +     A - +0 pair of boots
Stlth  +++.......               w - amulet of regeneration
                                D - ring of magical power
                                H - ring of stealth

@: wreathed by umbra
A: retaliatory headbutt, beak, horns 2, berserk 1, clever 1, robust 2
a: Shadow Step, Renounce Religion


You were on level 10 of the Dungeon.
You worshipped Dithmenos.
Dithmenos was most pleased with you.
You were not hungry.

You visited 2 branches of the dungeon, and saw 11 of its levels.

You collected 507 gold pieces.
You spent 428 gold pieces at shops.

Inventory:

Hand Weapons
 a - a +0 long sword (weapon)
 s - the +3 dagger "Per Nyfi" {freeze, MR++ Int+2 Dex+5}
   (You found it on level 7 of the Dungeon)

   It has been specially enchanted to freeze those struck by it, causing extra
   injury to most foes and up to half again as much damage against particularly
   susceptible opponents.
   It can also slow down cold-blooded creatures.
   It affects your intelligence (+2).
   It affects your dexterity (+5).
   It affects your resistance to hostile enchantments.
Missiles
 d - 5 throwing nets (quivered)
 m - 2 javelins of returning
Armour
 c - a +1 hat (worn)
 n - a +3 leather armour
 A - a +0 pair of boots (worn)
 G - a +0 troll leather armour (worn)
Jewellery
 w - an amulet of regeneration (around neck)
 D - a ring of magical power (right hand)
 H - a ring of stealth (left hand)
Scrolls
 b - 5 scrolls of amnesia
 g - a scroll of recharging
 i - a scroll of enchant armour
 o - 3 scrolls of magic mapping
 p - 2 scrolls of fog
 r - 3 scrolls of remove curse
 u - 2 scrolls of fear
 y - 4 scrolls of identify
 F - a scroll of teleportation
Potions
 e - 5 potions of curing
 h - a potion of beneficial mutation {unknown}
 j - a potion of resistance
 k - 2 potions of cancellation
 l - 5 potions of heal wounds
 t - a potion of brilliance
 x - 2 potions of flight {unknown}
 z - a potion of lignification {unknown}
Books
 E - a book of Power

   Spells                             Type                      Level
   a - Fulminant Prism                Conjuration/Hexes            4
   b - Iskenderun's Mystic Blast      Conjuration                  4
   c - Venom Bolt                     Conjuration/Poison           5
   d - Bolt of Magma                  Conjuration/Fire/Earth       5
   e - Iron Shot                      Conjuration/Earth            6
   f - Orb of Destruction             Conjuration                  7
   g - Spellforged Servitor           Conjuration/Summoning        7
Comestibles
 f - 9 bread rations
 q - 3 fruits
 v - 4 meat rations
 B - 12 slices of pizza
 C - 6 chunks of flesh
 I - 3 beef jerkies


   Skills:
 - Level 2.4 Fighting
 + Level 11.3 Long Blades
 - Level 2.0 Throwing
 + Level 10.6 Armour
 + Level 10.4 Dodging


You had 3 spell levels left.
You knew the following spells:

 Your Spells              Type           Power        Failure   Level  Hunger
a - Regeneration          Chrm/Necr      #.........   98%         3    ####...
b - Spectral Weapon       Hex/Chrm       #.......     98%         3    ####...


Dungeon Overview and Level Annotations

Branches:
Dungeon (10/15)            Temple (1/1) D:6             Orc (0/2) D:9
   Lair: D:8-11

Altars:
Cheibriados
Dithmenos
Elyvilon
Fedhas
Gozag
Hepliaklqana
Kikubaaqudgha
Makhleb
Nemelex Xobeh
Okawaru
Qazlal
Sif Muna
Trog
Uskayaw
Vehumet
Xom
Yredelemnul
Zin
The Shining One

Shops:
D:8 *?}=   D:9 :}

Annotations:
D:10 Erica, Urug


Innate Abilities, Weirdness & Mutations

You reflexively headbutt those who attack you in melee.
You have a pair of horns on your head.
You have a beak for a mouth.
You tend to lose your temper in combat.
Your mind is acute. (Int +2)
You are very robust. (+20% HP)


Message History

Urug closely misses you.
You see here a flail.
Urug completely misses you. You furiously retaliate!
You headbutt Urug, but do no damage. You hit Urug.
You peck Urug, but do no damage.
Urug is lightly wounded.
Urug hits you with a demon trident of electrocution.
You barely miss Urug. You peck Urug, but do no damage.
Urug is lightly wounded.
You barely miss Urug. Your headbutt misses Urug. You peck Urug.
Urug is lightly wounded.
Urug hits you with a demon trident of electrocution!!
* * * LOW HITPOINT WARNING * * *
An orc comes into view.
The orc shouts!
You are too injured to fight recklessly!
Urug hits you from afar with a demon trident of electrocution!
* * * LOW HITPOINT WARNING * * *
You are electrocuted!
You die...

######### #.......#
#.......## ##### #
'.......' .....
#.####.....oo###########
####
#>[.T.....Z..@([%......##
####{#################..#
#.# ##[# #.# #.# #.# #.#
#.# #.# #####.# #.##
#.....# #..# #.##### ##.#


You could see Urug, an orc and a worker ant zombie.

Vanquished Creatures
  3 trolls (D:10)
  3 wyverns (D:9)
  Eustachio (D:5)
  A human (D:8)
  3 hungry ghosts
  Grum (D:10)
  2 water moccasins (D:10)
  Duvessa (D:4)
  A swamp drake (D:9)
  An orc warrior (D:9)
  A black bear (D:10)
  2 phantoms (D:9)
  2 sky beasts (D:6)
  4 ogres
  2 wolves
  A centaur (D:9)
  4 bullfrogs
  A big kobold (D:7)
  Dowan (D:4)
  4 scorpions
  3 wights (D:8)
  2 howler monkeys (D:9)
  7 crimson imps
  2 quasits (D:9)
  2 hounds
  2 jellies
  6 orc priests
  9 orc wizards
  A centaur skeleton (D:4)
  Jessica (D:3)
  An iguana (D:6)
  Terence (D:2)
  7 worker ants
  6 gnolls
  10 adders
  2 shadow imps (D:5)
  An ooze (D:4)
  An adder skeleton (D:7)
  2 worms (D:2)
  2 dart slugs (D:1)
  3 leopard geckos
  38 orcs
  7 giant cockroaches
  6 goblins
  7 hobgoblins
  14 jackals
  12 kobolds
  4 quokkas
  5 bats
  5 frilled lizards
  A leopard gecko zombie (D:6)
  A quokka skeleton (D:4)
  2 quokka zombies
  8 rats
220 creatures vanquished.

Vanquished Creatures (others)
  A bullfrog zombie (D:10)
  An orc (D:9)
2 creatures vanquished.

Grand Total: 222 creatures vanquished

Notes
Turn   | Place    | Note
-------+----------+-------------------------------------------
     0 | D:1      | Jerry the Minotaur Gladiator began the quest for the Orb.
     0 | D:1      | Reached XP level 1. HP: 18/18 MP: 0/0
   127 | D:1      | Reached skill level 1 in Armour
   129 | D:1      | Reached XP level 2. HP: 17/25 MP: 1/1
   251 | D:1      | Reached skill level 4 in Long Blades
   747 | D:1      | Reached XP level 3. HP: 28/30 MP: 2/2
   975 | D:2      | Noticed Terence
   987 | D:2      | Killed Terence
  1140 | D:2      | Reached XP level 4. HP: 37/37 MP: 3/3
  1552 | D:3      | Reached XP level 5. HP: 24/42 MP: 4/4
  1699 | D:3      | Noticed an ogre
  1708 | D:3      | Killed an ogre
  1708 | D:3      | Reached skill level 5 in Long Blades
  1897 | D:3      | Reached skill level 5 in Dodging
  1901 | D:3      | Reached XP level 6. HP: 25/50 MP: 5/5
  2273 | D:3      | Noticed Jessica
  2285 | D:3      | Killed Jessica
  2862 | D:3      | Reached skill level 6 in Long Blades
  3178 | D:4      | Noticed Duvessa
  3178 | D:4      | Noticed Dowan
  3191 | D:4      | Killed Duvessa
  3191 | D:4      | Reached skill level 5 in Armour
  3191 | D:4      | Reached XP level 7. HP: 52/56 MP: 6/6
  3192 | D:4      | Killed Dowan
  3614 | D:5      | Entered Level 5 of the Dungeon
  3683 | D:5      | Identified the Reference Book on Icy Enhancements
  3835 | D:5      | Found an iron altar of Okawaru.
  3916 | D:5      | Found a deep blue altar of Sif Muna.
  3956 | D:5      | Noticed Eustachio
  3992 | D:5      | Killed Eustachio
  3992 | D:5      | Reached skill level 7 in Long Blades
  4374 | D:5      | Reached XP level 8. HP: 58/62 MP: 7/7
  4785 | D:6      | Gained mutation: Your mind is acute. (Int +2) [mutagenic meat]
  4786 | D:6      | Gained mutation: You have large cloven feet. [mutagenic meat]
  4873 | D:6      | Found a staircase to the Ecumenical Temple.
  4878 | D:6      | Found a blossoming altar of Fedhas.
  4883 | Temple   | Entered the Ecumenical Temple
  5097 | Temple   | Became a worshipper of Dithmenos the Shadowed
  5190 | D:6      | Reached skill level 8 in Long Blades
  5240 | D:6      | Lost mutation: You have large cloven feet. [mutagenic meat]
  5241 | D:6      | Gained mutation: You have a beak for a mouth. [mutagenic meat]
  5242 | D:6      | Gained mutation: You tend to lose your temper in combat. [mutagenic meat]
  5243 | D:6      | Gained mutation: You are robust. (+10% HP) [mutagenic meat]
  5244 | D:6      | Gained mutation: You are very robust. (+20% HP) [mutagenic meat]
  5408 | D:6      | Found a radiant altar of Vehumet.
  5408 | D:6      | Found a hide-covered altar of Uskayaw.
  5444 | D:6      | Found a radiant altar of Vehumet.
  5691 | D:6      | Found a sparkling altar of Nemelex Xobeh.
  5802 | D:7      | Got a shimmering dagger
  5803 | D:7      | Identified the cursed +3 dagger "Per Nyfi" {freeze, MR++ Int+2 Dex+5} (You found it on level 7 of the Dungeon)
  6024 | D:7      | Found a hazy altar of Hepliaklqana.
  6025 | D:7      | Found a burning altar of Makhleb.
  6106 | D:7      | Reached skill level 9 in Long Blades
  6176 | D:8      | Found Cazing's Magic Scroll Boutique.
  6180 | D:8      | Reached XP level 9. HP: 81/81 MP: 8/8
  6224 | D:8      | Bought 2 scrolls of identify for 56 gold pieces
  6266 | D:8      | Found Offen's General Store.
  6282 | D:8      | Bought a potion of degeneration for 12 gold pieces
  6288 | D:8      | Learned a level 3 spell: Regeneration
  6292 | D:8      | Learned a level 3 spell: Spectral Weapon
  6365 | D:8      | Reached * piety under Dithmenos
  6490 | D:8      | Found Jaute's Jewellery Shoppe.
  6505 | D:8      | Found Lipyc's Gadget Boutique.
  6744 | D:8      | Bought an uncursed amulet of regeneration for 360 gold pieces
  6936 | D:9      | Found Bout's Gadget Shoppe.
  7000 | D:9      | Found Kyus's Book Emporium.
  7073 | D:9      | Reached skill level 10 in Long Blades
  7253 | D:9      | Reached ** piety under Dithmenos
  7266 | D:9      | Found a staircase to the Orcish Mines.
  7742 | D:10     | Entered Level 10 of the Dungeon
  7746 | D:10     | Noticed Grum
  7748 | D:10     | Reached XP level 10. HP: 86/88 MP: 9/9
  7761 | D:9      | Reached skill level 10 in Armour
  7775 | D:10     | Killed Grum
  7820 | D:10     | Reached skill level 10 in Dodging
  7847 | D:10     | Noticed Erica
  7854 | D:10     | Noticed Urug
  7866 | D:10     | Reached skill level 11 in Long Blades
  8059 | D:10     | Reached *** piety under Dithmenos
  8083 | D:10     | HP: 1/88 [Urug/demon trident of electrocution (12)]
  8083 | D:10     | Demolished by Urug

Skill      XL: |  1  2  3  4  5  6  7  8  9 10 |
---------------+-------------------------------+-----
Armour         | 1 2 3 4 5 6 7 9 10 | 10.6
Long Blades    | 4 5 6 7 9 10 11 | 11.3
Dodging        | 4 5 6 8 9 10 | 10.4
Fighting       | |  2.4
Throwing       | |  2.0

Action                   |  1- 3 |  4- 6 |  7- 9 | 10-12 || total
-------------------------+-------+-------+-------+-------++-------
Melee: Long sword        |    58 |   140 |   307 |    77 ||   582
       Headbutt          |    17 |    26 |    72 |    21 ||   136
       Dagger            |       |       |    20 |       ||    20
       Peck              |       |       |    49 |    21 ||    70
       Kick              |       |       |    12 |       ||    12
  Use: Scroll            |       |     3 |    16 |     1 ||    20
       Potion            |       |     1 |     2 |     1 ||     4
 Stab: Sleeping          |     1 |     1 |     6 |     1 ||     9
       Distracted        |       |       |     1 |       ||     1
  Eat: Chunk             |     1 |     6 |    23 |     4 ||    34
Armor: Leather armour    |    13 |    31 |    79 |    12 ||   135
       Troll leather arm |       |       |       |     2 ||     2
Dodge: Dodged            |    53 |   106 |   295 |   100 ||   554
       Rpst.: Long sword |    11 |    24 |    73 |    20 ||   128
